 Dungeon Crawl Stone Soup version 0.21.1-1-g345015f (webtiles) character file.

9359 sankara the Unseen (level 11, 0/52 HPs)
             Began as a Spriggan Enchanter on Feb 15, 2018.
             Was an Initiate of Gozag.
             Shot with an arrow by a centaur (2 damage)
             ... on level 11 of the Dungeon.
             The game lasted 00:56:26 (13430 turns).

sankara the Unseen (Spriggan Enchanter)            Turns: 13430, Time: 00:56:27

Health: 0/52       AC:  5    Str:  4    XL:     11   Next: 22%
Magic:  16/23      EV: 31    Int: 20    God:    Gozag
Gold:   1705       SH:  0    Dex: 19    Spells: 11/25 levels left

rFire    . . .     SeeInvis +   a - +2 dagger (speed)
rCold    . . .     Gourm    .   (shield restricted)
rNeg     . . .     Faith    .   J - +1 robe {MR+}
rPois    .         Spirit   .   (helmet restricted)
rElec    .         Reflect  .   c - +1 cloak
rCorr    .         Harm     .   (gloves unavailable)
MR       +++..                  (boots unavailable)
Stlth    +++++++...             h - amulet of rage
HPRegen  0.17/turn              w - +2 ring of dexterity
MPRegen  0.18/turn              B - ring of protection from magic

@: very quick
A: very small, unfitting armour, repulsion field 1, see invisible, herbivore,
speed 3, mutation resistance 1, slow metabolism 2
a: Potion Petition, Call Merchant, Bribe Branch, Renounce Religion, Evoke
Berserk Rage


You were on level 11 of the Dungeon.
You worshipped Gozag.
Gozag was most pleased with you.
You were not hungry.

You visited 2 branches of the dungeon, and saw 12 of its levels.

You collected 1781 gold pieces.
You paid 76 gold pieces to Gozag.

Inventory:

Hand Weapons
 a - a +2 dagger of speed (weapon)
 g - a +1 dagger
 l - a +0 hunting sling of flaming
Missiles
 j - 186 stones
 k - 49 poisoned needles
 u - 148 sling bullets
 D - 9 tomahawks (quivered)
 P - 3 throwing nets
Armour
 c - a +1 cloak (worn)
 q - a scarf of cloud immunity
 J - a +1 robe of magic resistance (worn)
Magical Staves
 y - an uncursed staff of fire {unknown}
Jewellery
 h - an amulet of rage (around neck)
 w - a +2 ring of dexterity (left hand)
 B - a ring of protection from magic (right hand)
 H - an uncursed ring of ice
Wands
 r - a wand of random effects (50)
 s - a wand of flame (104)
 C - a wand of polymorph (18)
 L - a wand of clouds (5)
Scrolls
 e - a scroll of random uselessness {unknown}
 f - 2 scrolls of amnesia
 m - 4 scrolls of teleportation
 p - 5 scrolls of identify
 t - 5 scrolls of remove curse
 x - 2 scrolls of magic mapping
 K - a scroll of vulnerability {unknown}
 N - a scroll of torment {unknown}
 O - a scroll of enchant armour {unknown}
 R - 2 scrolls of brand weapon {unknown}
 S - a scroll of fog
Potions
 b - a potion of might
 n - 5 potions of flight
 o - 2 potions of berserk rage
 v - 2 potions of lignification {unknown}
 z - 2 potions of agility {unknown}
 A - 2 potions of invisibility {unknown}
 E - 4 potions of curing
 F - a potion of haste {unknown}
 G - a potion of heal wounds {unknown}
 I - a potion of brilliance {unknown}
Books
 i - a book of Cantrips

   Spells                             Type                      Level
   a - Confusing Touch                Hexes                        1
   b - Animate Skeleton               Necromancy                   1
   c - Summon Small Mammal            Summoning                    1
   d - Apportation                    Translocation                1
 M - a book of Changes

   Spells                             Type                      Level
   a - Beastly Appendage              Transmutation                1
   b - Sticks to Snakes               Transmutation                2
   c - Spider Form                    Transmutation/Poison         3
   d - Ice Form                       Ice/Transmutation            4
   e - Blade Hands                    Transmutation                5
 Q - a book of Geomancy

   Spells                             Type                      Level
   a - Sandblast                      Earth                        1
   b - Passwall                       Transmutation/Earth          2
   c - Stone Arrow                    Conjuration/Earth            3
   d - Petrify                        Transmutation/Earth          4
   e - Lee's Rapid Deconstruction     Earth                        5
Comestibles
 d - 7 rations


   Skills:
 - Level 3.1 Fighting
 - Level 4.1 Short Blades
 * Level 11.8 Dodging
 * Level 16.4 Stealth
 - Level 7.5 Spellcasting
 - Level 1.0 Conjurations
 - Level 9.0 Hexes
 + Level 1.8 Translocations
 + Level 1.7 Transmutations
 - Level 1.0 Ice Magic


You had 11 spell levels left.
You knew the following spells:

 Your Spells              Type           Power        Failure   Level  Hunger
a - Ensorcelled Hibernat  Hex/Ice        ####..       1%          2    None
b - Confuse               Hex            #####...     1%          3    None
c - Tukima's Dance        Hex            #####...     1%          3    None
d - Dazzling Spray        Conj/Hex       ####..       3%          3    None
e - Apportation           Tloc           ##....       4%          1    None
f - Passwall              Tmut/Erth      ##........   10%         2    None


Dungeon Overview and Level Annotations

Branches:
Dungeon (11/15)            Temple (1/1) D:4            Lair (0/6) D:9
    Orc: D:9-12

Altars:
Ashenzari
Cheibriados
Fedhas
Gozag
Hepliaklqana
Kikubaaqudgha
Makhleb
Nemelex Xobeh
Okawaru
Qazlal
Ru
Sif Muna
Trog
Uskayaw
Vehumet
Xom
Yredelemnul
Zin
The Shining One

Shops:
D:6 *


Innate Abilities, Weirdness & Mutations

You are very small and have problems with some larger weapons.
You are too small for most types of armour.
You have supernaturally acute eyesight. (SInv)
You are a herbivore.
You cover ground extremely quickly.
You need consume almost no food.
You are surrounded by a mild repulsion field. (EV +2)
You are somewhat resistant to further mutation.


Message History

You see here an arrow.
The centaur shoots an arrow.
The arrow completely misses you.
The centaur shoots an arrow.
The arrow misses you.
You hear an angry buzzing noise.
You see here an arrow.
The centaur shoots an arrow.
The arrow completely misses you.
The centaur shoots an arrow.
The arrow hits you.
Things that are here:
an arrow; a flail The centaur shoots an arrow.
The arrow hits you.
The centaur shoots an arrow.
The arrow hits you!
There is a stone staircase leading up here.
You see here 3 arrows.
The centaur shoots an arrow.
The arrow hits you!
* * * LOW HITPOINT WARNING * * *
The centaur shoots an arrow.
The arrow hits you!
* * * LOW HITPOINT WARNING * * *
The centaur shoots an arrow.
The arrow hits you.
You die...
Your body crumbles into a pile of gold.

..............(...
####.............
#...########## #...#
#...# #...# #(..#
########(..############
........(@.(($.cc......
........([..$(.cc....!.
###############cy......
#........ #..$y....
#...).... #....hh..
#........ .........


You could see 5 centaurs and a killer bee.

Vanquished Creatures
  Snorg (D:10)
  Harold (D:10)
  A two-headed ogre (D:8)
  A centaur zombie (D:10)
  Psyche (D:9)
  A troll (D:9)
  A hornet (D:8)
  2 hippogriffs
  A spriggan (D:10)
  A wraith (D:10)
  A wyvern (D:11)
  5 yaks (D:10)
  2 wargs (D:9)
  A water moccasin (D:8)
  2 ice beasts
  3 black bears
  3 sky beasts
  3 orc warriors
  2 phantoms
  5 ogres
  3 centaurs
  2 crocodiles (D:8)
  3 bullfrogs
  A water moccasin skeleton (D:5)
  8 wights
  3 killer bees
  7 howler monkeys
  5 crimson imps
  A bullfrog zombie (D:11)
  5 hounds
  10 orc wizards
  2 bullfrog skeletons
  2 centaur skeletons
  8 orc priests
  A jelly (D:7)
  Crazy Yiuf (D:2)
  An iguana (D:9)
  10 worker ants
  A hound zombie (D:6)
  2 hound skeletons
  6 adders
  11 gnolls
  2 shadow imps
  3 oozes
  2 worms
  6 dart slugs
  4 leopard geckos
  39 orcs
  3 ball pythons
  5 giant cockroaches
  11 hobgoblins
  9 jackals
  A quokka (D:3)
  9 bats
  7 frilled lizards
  8 goblins
  A jackal skeleton (D:6)
  7 kobolds
  A leopard gecko skeleton (D:4)
  8 rats
257 creatures vanquished.

Vanquished Creatures (collateral kills)
  A wight (D:7)
  An orc wizard (D:8)
  A gnoll (D:7)
3 creatures vanquished.

Vanquished Creatures (others)
  A dancing weapon (D:8)
1 creature vanquished.

Grand Total: 261 creatures vanquished

Notes
Turn   | Place    | Note
-------+----------+-------------------------------------------
     0 | D:1      | sankara the Spriggan Enchanter began the quest for the Orb.
     0 | D:1      | Reached XP level 1. HP: 9/9 MP: 5/5
   476 | D:1      | Reached XP level 2. HP: 13/13 MP: 4/6
   481 | D:1      | Reached skill level 5 in Stealth
   485 | D:1      | Learned a level 2 spell: Ensorcelled Hibernation
  1122 | D:1      | Found a shattered altar of Ashenzari.
  1123 | D:1      | Reached XP level 3. HP: 15/16 MP: 8/8
  1238 | D:1      | Learned a level 3 spell: Confuse
  1819 | D:2      | Reached skill level 6 in Stealth
  1926 | D:2      | Reached XP level 4. HP: 21/21 MP: 8/10
  1929 | D:2      | Found a sacrificial altar of Ru.
  2653 | D:2      | Reached skill level 7 in Stealth
  2775 | D:2      | Found a runed door.
  2856 | D:2      | Reached XP level 5. HP: 24/24 MP: 11/11
  2884 | D:2      | Learned a level 3 spell: Tukima's Dance
  2888 | D:2      | Learned a level 3 spell: Dazzling Spray
  2998 | D:2      | Noticed Crazy Yiuf
  3005 | D:2      | Killed Crazy Yiuf
  4252 | D:4      | Reached skill level 8 in Stealth
  4252 | D:4      | Reached skill level 5 in Hexes
  4252 | D:4      | Reached XP level 6. HP: 28/28 MP: 13/13
  4307 | D:4      | Noticed an ice beast
  4309 | D:4      | Found a staircase to the Ecumenical Temple.
  4344 | D:4      | Killed an ice beast
  4344 | D:4      | Reached skill level 1 in Ice Magic
  4349 | D:4      | Gained mutation: You are surrounded by a mild repulsion field. (EV +2) [potion of mutation]
  4349 | D:4      | Gained mutation: You are somewhat resistant to further mutation. [potion of mutation]
  4397 | Temple   | Entered the Ecumenical Temple
  4403 | Temple   | Became a worshipper of Gozag Ym Sagoz the Greedy
  4589 | D:4      | Reached skill level 1 in Conjurations
  4897 | D:4      | Reached skill level 9 in Stealth
  4897 | D:4      | Reached XP level 7. HP: 27/32 MP: 0/15
  5030 | D:4      | Found a shimmering altar of Xom.
  5266 | D:4      | Reached skill level 5 in Spellcasting
  5267 | D:4      | Found a radiant altar of Vehumet.
  5644 | D:5      | Entered Level 5 of the Dungeon
  5794 | D:5      | Reached skill level 10 in Stealth
  6185 | D:5      | Reached XP level 8. HP: 36/36 MP: 14/17
  6602 | D:6      | Found Sokhuh's Assorted Antiques.
  6775 | D:6      | Reached skill level 11 in Stealth
  7201 | D:7      | Reached skill level 5 in Dodging
  7295 | D:7      | Found a hide-covered altar of Uskayaw.
  7325 | D:7      | Noticed a hippogriff
  7344 | D:7      | Killed a hippogriff
  7344 | D:7      | Reached XP level 9. HP: 39/39 MP: 11/19
  7442 | D:7      | Found a hazy altar of Hepliaklqana.
  7493 | D:7      | Reached skill level 12 in Stealth
  8407 | D:8      | Noticed a two-headed ogre
  8423 | D:8      | Killed a two-headed ogre
  8423 | D:8      | Reached skill level 1 in Fighting
  8423 | D:8      | Reached skill level 13 in Stealth
  9380 | D:8      | Reached XP level 10. HP: 46/46 MP: 12/22
  9505 | D:8      | Reached skill level 14 in Stealth
  9985 | D:9      | Found a blossoming altar of Fedhas.
 10983 | D:9      | Found a staircase to the Lair.
 11002 | D:9      | Reached skill level 15 in Stealth
 11179 | D:9      | Found a bloodstained altar of Trog.
 11227 | D:9      | Noticed Psyche
 11235 | D:9      | Killed Psyche
 11235 | D:9      | Reached skill level 10 in Dodging
 11253 | D:10     | Entered Level 10 of the Dungeon
 11690 | D:10     | Noticed Harold
 11696 | D:10     | Killed Harold
 11738 | D:10     | Noticed Snorg
 11868 | D:10     | Killed Snorg
 11868 | D:10     | Reached skill level 16 in Stealth
 11868 | D:10     | Reached XP level 11. HP: 32/52 MP: 19/23
 12189 | D:10     | Learned a level 1 spell: Apportation
 12192 | D:10     | Learned a level 2 spell: Passwall
 12403 | D:10     | Reached skill level 1 in Translocations
 12403 | D:10     | Reached skill level 1 in Transmutations
 13430 | D:11     | HP: 2/52 [centaur/arrow (8)]
 13430 | D:11     | Shot with an arrow by a centaur

Skill      XL: |  1  2  3  4  5  6  7  8  9 10 11 |
---------------+----------------------------------+-----
Stealth        | 5 6 7 8 9 10 11 13 16 | 16.4
Spellcasting   | 3 4 5 6 7 |  7.5
Hexes          | 4 5 6 8 9 |  9.0
Ice Magic      | 1 |  1.0
Conjurations   | 1 |  1.0
Short Blades   | 3 4 |  4.1
Dodging        | 5 7 11 | 11.8
Fighting       | 2 3 |  3.1
Translocations | 1 |  1.8
Transmutations | 1 |  1.7

Action                   |  1- 3 |  4- 6 |  7- 9 | 10-12 || total
-------------------------+-------+-------+-------+-------++-------
Melee: Dagger            |    93 |   110 |   156 |   143 ||   502
Throw: Tomahawk          |       |     4 |       |     3 ||     7
       Stone             |       |     2 |       |       ||     2
 Cast: Corona            |     6 |       |       |       ||     6
       Ensorcelled Hiber |    28 |    42 |    87 |   129 ||   286
       Confuse           |     1 |    22 |    14 |    14 ||    51
       Tukima's Dance    |       |       |    14 |       ||    14
       Dazzling Spray    |       |       |       |     1 ||     1
Invok: Potion Petition   |       |       |     1 |       ||     1
  Use: Scroll            |     2 |     5 |     7 |       ||    14
       Potion            |       |     2 |       |       ||     2
 Stab: Sleeping          |    25 |    37 |    75 |    67 ||   204
       Confused          |     1 |     5 |    10 |     9 ||    25
       Distracted        |     1 |       |       |     3 ||     4
       Invisible         |       |       |       |     2 ||     2
  Eat: Ration            |       |     3 |     2 |     3 ||     8
Armor: Robe              |     3 |    12 |     3 |     7 ||    25
Dodge: Dodged            |    64 |    80 |    57 |   143 ||   344
